 Dungeon Crawl Stone Soup version 0.16.1-18-g436b03c (webtiles) character file.

120 Jurein the Shooter (level 4, -6/36 HPs)
             Began as a Centaur Hunter on May 15, 2015.
             Killed from afar by a kobold (38 damage)
             ... with an exploding inner flame
             ... hexed by the player character
             ... on level 2 of the Dungeon.
             The game lasted 00:46:33 (3169 turns).

Jurein the Shooter (Centaur Hunter)                 Turns: 3169, Time: 00:46:33

Health: -6/36      AC:  5    Str: 14    XL:     4   Next: 75%
Magic:  12/12      EV:  8    Int: 10    God:
Gold:   107        SH:  0    Dex: 11    Spells: 0 memorised, 3 levels left

rFire  . . .     SeeInvis +     b - +1 shortbow
rCold  . . .     Clarity  .     y - +0 ring mail
rNeg   . . .     SustAb   .     (no shield)
rPois  .         Gourm    .     (no helmet)
rElec  .         Spirit   .     (no cloak)
rCorr  .         Warding  .     (no gloves)
rMut   .         Stasis   .     (no barding)
MR     .....                    (no amulet)
Stlth  ..........               f - ring of see invisible
                                w - ring of magical power

@: very quick, not resistant to hostile enchantments, extremely unstealthy
A: hooves 3, deformed body, speed 2, tough skin 3
a: no special abilities


You were on level 2 of the Dungeon.
You were not hungry.

You visited 1 branch of the dungeon, and saw 2 of its levels.

You collected 107 gold pieces.

Inventory:

Hand weapons
 a - a +0 short sword
 b - a +1 shortbow (weapon)
 i - a +0 dagger
 j - a +0 dagger
 k - a +0 dagger
 n - a +0 whip
 q - a +0 club
 s - a +0 dagger
 B - a +0 club
 C - a +0 hunting sling
Missiles
 g - 19 stones (quivered)
 x - 32 bolts
 D - 23 sling bullets
Armour
 d - a +0 leather armour
 r - a +0 leather armour
 y - a +0 ring mail (worn)
Jewellery
 f - a ring of see invisible (right hand)
 w - a ring of magical power (left hand)
Scrolls
 m - 2 scrolls of remove curse {unknown}
 o - 2 scrolls of identify {unknown}
 p - a scroll of magic mapping {unknown}
 u - 3 scrolls of amnesia {unknown}
 z - a scroll of fog {unknown}
 A - a scroll of enchant weapon {unknown}
Potions
 t - a potion of curing {unknown}
 v - 2 potions of cure mutation {unknown}


   Skills:
 + Level 2.2 Fighting
 + Level 0.1 Short Blades
 + Level 7.5 Bows
 * Level 1.1 Armour
 - Level 1.3 Dodging
 - Level 0.5 Stealth


You had 3 spell levels left.
You didn't know any spells.

Dungeon Overview and Level Annotations

Branches:
Dungeon (2/15)

Altars:
Okawaru
Ru
The Shining One


Innate Abilities, Weirdness & Mutations

You have hooves in place of feet.
Armour fits poorly on your strangely shaped body.
You cover ground very quickly.
You have extremely tough skin (AC +3).


Message History

Aim: a kobold, wielding a dagger (moderately wounded, inner flame)
You shoot an arrow. The arrow misses the kobold.
Firing (i - inventory. (,) - cycle):
c - an arrow (quivered)
Press: ? - help, Shift-Dir - straight line, f/p - kobold
Aim: a kobold, wielding a dagger (moderately wounded, inner flame)
You shoot an arrow. The arrow completely misses the kobold.
The kobold barely misses you.
Throwing (i - inventory):
g - 20 stones (quivered)
Press: ? - help, Shift-Dir - straight line, f/p - kobold
Aim: a kobold, wielding a dagger (moderately wounded, inner flame)
You throw a stone. The stone closely misses the kobold.
The kobold hits you but does no damage.
Throwing (i - inventory):
g - 19 stones (quivered)
Press: ? - help, Shift-Dir - straight line, f/p - kobold
Aim: a kobold, wielding a dagger (moderately wounded, inner flame)
You throw a stone. The stone hits the kobold.
The kobold explodes!
The fiery explosion engulfs you!
Ouch! That really hurt!
You die...

.<###.#..# #÷#
..###.#).# #.#
...##.#..# #.#
.........############.#
..###..............##.#
..#
############.#.##.##
..# #.#.#...## ###
#.#......####
#@#.........#
##§§§.....##.#
#.§§§........#
#.#...♣...#..#
#....♣.♣.....#
#...♣.♣(♣....#
#..♣.♣.♣.♣...#
#...♣.♣._.♣.♣..#
#.#..♣.♣.♣)♣...#


There were no monsters in sight!

Vanquished Creatures
  4 adders (D:2)
  A giant mite (D:1)
  3 worms (D:2)
  An ooze (D:1)
  6 bats
  5 giant cockroaches
  8 goblins
  3 hobgoblins (D:2)
  4 jackals
  3 ball pythons (D:1)
  6 giant newts
  8 kobolds (D:1)
  8 rats
60 creatures vanquished.

Notes
Turn   | Place    | Note
--------------------------------------------------------------
     0 | D:1      | Jurein, the Centaur Hunter, began the quest for the Orb.
     0 | D:1      | Reached XP level 1. HP: 17/17 MP: 1/1
   702 | D:1      | Reached XP level 2. HP: 24/24 MP: 2/2
   711 | D:1      | Reached skill level 6 in Bows
  1001 | D:1      | Reached XP level 3. HP: 27/29 MP: 3/3
  1848 | D:2      | Reached skill level 7 in Bows
  1887 | D:2      | Reached XP level 4. HP: 36/36 MP: 3/3
  1892 | D:2      | Found a glowing golden altar of the Shining One.
  2187 | D:2      | Reached skill level 1 in Armour
  2427 | D:2      | Found an iron altar of Okawaru.
  2908 | D:2      | Found a sacrificial altar of Ru.
  3169 | D:2      | Killed from afar by a kobold

Action                   |  1- 3 |  4- 6 || total
-------------------------+-------+-------++-------
Melee: Short sword       |       |    31 ||    31
 Fire: Shortbow          |   106 |    53 ||   159
       Hunting sling     |       |     5 ||     5
Throw: Stone             |       |     6 ||     6
  Use: Scroll            |       |     2 ||     2
  Eat: Bread ration      |     1 |       ||     1
       Beef jerky        |       |     1 ||     1
